 Dungeon Crawl Stone Soup version 0.29-a0-322-g68df515428 (webtiles) character file.

Game seed: 17711481135271432113

859 cojito the Chopper (level 7, 0/64 HPs)
             Began as a Minotaur Cinder Acolyte on Apr 6, 2022.
             Was a High Priest of Ignis.
             Slain by a black bear (11 damage)
             ... on level 5 of the Dungeon.
             The game lasted 00:06:02 (4202 turns).

cojito the Chopper (Minotaur Cinder Acolyte)        Turns: 4202, Time: 00:06:02

Health: 0/64       AC:  7    Str: 20    XL:     7   Next: 71%
Magic:  7/7        EV: 10    Int: 11    God:    Ignis [*****.]
Gold:   205        SH:  0    Dex:  6    Spells: 8/8 levels left

rFire   + . .      SeeInvis .   a - +0 war axe
rCold   . . .      Faith    .   (no shield)
rNeg    . . .      Spirit   .   f - +0 scale mail
rPois   .          Reflect  .   (helmet restricted)
rElec   .          Harm     .   (no cloak)
rCorr   .          Rampage  .   (no gloves)
Will    .....                   (no boots)
Stlth   ..........              (no amulet)
HPRegen 0.20/turn               (no ring)
MPRegen 0.10/turn               (no ring)

@: no status effects
A: horns 2, retaliatory headbutt
a: Renounce Religion, Fiery Armour, Foxfire Swarm, Rising Flame


You were on level 5 of the Dungeon.
You worshipped Ignis.
Ignis was extremely pleased with you.
You visited 1 branch of the dungeon, and saw 5 of its levels.

You collected 205 gold pieces.

Inventory:

Hand Weapons
 a - a +0 war axe (weapon)
 b - a +1 whip of draining
Armour
 f - a +0 scale mail (worn)
 r - a +0 robe of willpower
Jewellery
 q - a ring of positive energy
Wands
 d - a wand of polymorph (6)
 l - a wand of digging (5)
Scrolls
 e - a scroll of enchant armour {unknown}
 j - a scroll of amnesia {unknown}
 k - 2 scrolls of torment {unknown}
 m - 2 scrolls of fear {unknown}
 n - a scroll of noise {unknown}
 o - a scroll of magic mapping {unknown}
 p - 2 scrolls of teleportation {unknown}
 s - 2 scrolls of identify
Potions
 c - 3 potions of curing
 g - 2 potions of flight
 h - a potion of brilliance
 i - a potion of berserk rage {unknown}
 u - a potion of resistance {unknown}


   Skills:
 + Level 6.5 Fighting
 + Level 6.5 Axes
 + Level 4.7 Armour
 + Level 4.4 Dodging
 - Level 1.0 Spellcasting
 - Level 2.1 Fire Magic


You had 8 spell levels left.
You didn't know any spells.
Your spell library contained the following spells:

 Spells                   Type           Power      Damage    Failure   Level
 Scorch                   Fire           10%        2d5       47%         2
 Foxfire                  Conj/Fire      8%         2x1d4     50%         1
 Conjure Flame            Conj/Fire      2%         6-21      86%         3
 Inner Flame              Hex/Fire       2%         N/A       86%         3
 Flame Wave               Conj/Fire      2%         2d4       99%         4


Dungeon Overview and Level Annotations

Branches:
Dungeon (5/15)
 Temple: D:4-7

Altars:
Qazlal
Wu Jian
Xom

Annotations:
D:5 Prince Ribbit


Innate Abilities, Weirdness & Mutations

You have a pair of horns on your head.
You reflexively headbutt those who attack you in melee.


Message History

A yak comes into view.
The yak bellows!
You closely miss Prince Ribbit. Your headbutt misses Prince Ribbit.
Prince Ribbit is severely wounded.
Prince Ribbit hits you!
Throw: throwing net
Press: ? - help, Q - select action, (/) - cycle Shift-Dir - straight line, f/p - Prince Ribbit
Aim: Prince Ribbit (severely wounded, 31% to hit)
You throw a throwing net. The throwing net hits Prince Ribbit.
Prince Ribbit is caught in the net!
Prince Ribbit is severely wounded.
Prince Ribbit blinks!
You hit the black bear but do no damage.
The black bear is severely wounded.
The black bear bites you.
* * * LOW HITPOINT WARNING * * *
The black bear completely misses you.
The black bear claws you but does no damage.
Prince Ribbit blinks!
The black bear bites you.
* * * LOW HITPOINT WARNING * * *
The black bear claws you but does no damage.
The black bear claws you.
* * * LOW HITPOINT WARNING * * *
Okay, then.
Unknown command.
You hit the black bear.
The black bear is almost dead.
The black bear bites you.
* * * LOW HITPOINT WARNING * * *
The black bear claws you but does no damage. x2
You feel better. The black bear barely misses you. The black bear claws you.
* * * LOW HITPOINT WARNING * * *
The black bear claws you but does no damage.
The black bear bites you!
* * * LOW HITPOINT WARNING * * *
The black bear claws you but does no damage.
The black bear claws you.
* * * LOW HITPOINT WARNING * * *
You feel better. The black bear bites you!
You die...

#.# #........ #.# #....Y...
#.# #........ #.# #........
#.# #..Y..... #.# #Y.......
#######.# ##........
........## #####Y........
#######..######.@hYYY..>.###
###.##....##Y...####
##...######....# #...#
##...# #...# ##...# #...#
#..# ..... #F.# ....... #.#
.......##


You could see Prince Ribbit, 5 yaks and a black bear (berserk).

Vanquished Creatures
  Sigmund (D:2)
  An ogre (D:4)
  A scorpion (D:4)
  A howler monkey (D:5)
  2 hounds (D:4)
  A jelly (D:4)
  3 orc priests
  Terence (D:2)
  An iguana (D:3)
  2 orc wizards
  7 gnolls
  8 adders
  An ufetubus (D:4)
  A worm (D:2)
  2 dart slugs
  8 orcs
  5 bats
  6 endoplasms
  4 giant cockroaches
  3 goblins
  8 hobgoblins
  4 jackals (D:1)
  6 kobolds
  4 quokkas
  7 ball pythons
  A frilled lizard (D:2)
  8 rats
97 creatures vanquished.

Notes
Turn   | Place    | Note
-------+----------+-------------------------------------------
     0 | D:1      | cojito the Minotaur Cinder Acolyte began the quest for the
                  | Orb.
     0 | D:1      | Reached XP level 1. HP: 19/19 MP: 1/1
   285 | D:1      | Reached XP level 2. HP: 27/27 MP: 2/2
   533 | D:1      | Reached skill level 1 in Armour
   560 | D:1      | Reached skill level 1 in Dodging
   602 | D:1      | Reached XP level 3. HP: 20/33 MP: 3/3
  1092 | D:2      | Noticed Terence
  1229 | D:2      | Killed Terence
  1323 | D:2      | Reached XP level 4. HP: 41/41 MP: 4/4
  1610 | D:2      | Reached XP level 5. HP: 32/47 MP: 5/5
  1863 | D:2      | Reached skill level 5 in Fighting
  1865 | D:2      | Reached skill level 5 in Axes
  2089 | D:2      | Found an ornate altar of the Wu Jian Council.
  2121 | D:2      | Noticed Sigmund
  2130 | D:2      | Killed Sigmund
  2131 | D:2      | Reached XP level 6. HP: 54/56 MP: 6/6
  3370 | D:4      | Reached XP level 7. HP: 62/62 MP: 7/7
  4048 | D:4      | Found a stormy altar of Qazlal.
  4055 | D:4      | Found a shimmering altar of Xom.
  4109 | D:5      | Entered Level 5 of the Dungeon
  4182 | D:5      | Noticed Prince Ribbit
  4185 | D:5      | Noticed a yak
  4187 | D:5      | Noticed a yak
  4188 | D:5      | Noticed a yak
  4189 | D:5      | Noticed a yak
  4196 | D:5      | Noticed a yak
  4201 | D:5      | HP: 3/64 [black bear (10)]
  4201 | D:5      | HP: 1/64 [black bear (2)]
  4202 | D:5      | Slain by a black bear

Illustrated notes

Levels and vault maps discovered:
D:1:      amcnicky_arrival_double_pillar, layout_loops_ring
D:2:      layout_rooms, basic_altar, uniq_sigmund, uniq_terence
D:3:      layout_basic
D:4:      layout_rooms, mainiacjoe_overflow_big_doors
D:5:      layout_cave_pods, uniq_prince_ribbit1, uniq_pikel

Skill      XL: |  1  2  3  4  5  6  7 |
---------------+----------------------+-----
Fighting       | 4 5 6 |  6.5
Axes           | 4 5 6 |  6.5
Armour         | 1 2 3 4 |  4.7
Dodging        | 1 2 3 4 |  4.4
Spellcasting   | |  1.0
Fire Magic     | |  2.1

Action                   |  1- 3 |  4- 6 |  7- 9 || total
-------------------------+-------+-------+-------++-------
Melee: Hand axe          |    74 |       |       ||    74
       Headbutt          |     9 |    10 |     9 ||    28
       Punch             |     1 |       |     1 ||     2
       Whip              |     6 |    17 |       ||    23
       War axe           |       |   103 |    59 ||   162
Throw: Throwing net      |       |       |     4 ||     4
  Use: Scroll            |       |     4 |       ||     4
       Potion            |       |     1 |     2 ||     3
 Stab: Held in net/web   |       |       |     1 ||     1
Armor: Robe              |     3 |       |       ||     3
       Scale mail        |    38 |    46 |    31 ||   115
Dodge: Dodged            |    52 |    84 |    30 ||   166

Table legend: (Time is in decaauts)
 A = Elapsed time spent in this place.
 B = Non-inter-level travel time spent in this place.
 C = Inter-level travel time spent in this place.
 D = Time resting spent in this place.
 E = Time spent auto-exploring this place.
 F = Levels seen in this place.
 G = Mean time per level.
                   A        B        C        D        E       F      G
               +--------+--------+--------+--------+--------+-----+--------+
         Total |   4247 |   4079 |    168 |   1140 |   2095 |   5 |  849.4 |
       Dungeon |   4247 |   4079 |    168 |   1140 |   2095 |   5 |  849.4 |
               +--------+--------+--------+--------+--------+-----+--------+

Top non-repeatable levels by time:
     D:1: 1513 daAuts
     D:3: 1188 daAuts
     D:4: 762 daAuts
     D:2: 688 daAuts
     D:5: 95 daAuts
